 Dungeon Crawl Stone Soup version 0.31-a0-620-gd1cbd99268 (webtiles) character file.

Game seed: 3684750045373288518

2042 Dirtsage the Mimic (level 9, -11/52 (54) HPs)
             Began as an Octopode Shapeshifter on Aug 23, 2023.
             Killed by divine providence
             ... invoked by Jeremiah
              (15 damage)
             ... on level 7 of the Dungeon on Aug 24, 2023.
             The game lasted 00:18:30 (6276 turns).

Dirtsage the Mimic (Octopode Shapeshifter)          Turns: 6276, Time: 00:18:30

HP:   -11/52 (54)   AC:  1    Str: 14    XL:     9   Next: 24%
MP:   9/9           EV: 13    Int: 15    God:
Gold: 402           SH:  0    Dex: 12    Spells: 3/8 levels left

rFire   . .          .
                       - Unarmed
rCold   . . .        (no shield)
rNeg    . . .        (helmet currently unavailable)
rPois   .            (no amulet)
rElec   .            (no ring)
rCorr   .            (no ring)
SInv    .            (no ring)
Will    +....        (no ring)
Stlth   +++++        (no ring)
HPRegen 0.28/turn    (no ring)
MPRegen 0.11/turn    (no ring)
                     (no ring)

%: no passive effects
@: beast-form, lightly drained
A: beast (slay +4), almost no armour, amphibious, 8 rings, camouflage 2,
gelatinous body 1, (nimble swimmer 1), tentacles, strong-willed 1, evolution 1,
subdued magic 1
a: Begin Untransformation


You were on level 7 of the Dungeon.
You were a hulking beast.
You visited 1 branch of the dungeon, and saw 7 of its levels.
You also visited: Sewer.

You collected 402 gold pieces.

Inventory:

Magical Staves
 e - a staff of cold
Jewellery
 f - an amulet of magic regeneration
 k - an amulet of faith
 l - a ring of ice
Talismans
 b - a beast talisman (active)
 c - a flux talisman
 n - a storm talisman
Wands
 j - a wand of roots (3)
 m - a wand of paralysis (5)
Scrolls
 a - a scroll of vulnerability {unknown}
 g - 4 scrolls of amnesia {unknown}
 p - a scroll of enchant armour {unknown}
 q - 3 scrolls of enchant weapon
 t - 6 scrolls of teleportation
Potions
 d - 2 potions of brilliance
 h - a potion of attraction {unknown}
 i - a potion of heal wounds {unknown}
 o - a potion of curing {unknown}


   Skills:
 + Level 2.0 Fighting
 - Level 2.0 Dodging
 - Level 5.0 Stealth
 + Level 6.4 Unarmed Combat
 + Level 3.0 Translocations
 + Level 1.6 Air Magic
 * Level 8.6 Shapeshifting


You had 3 spell levels left.
You knew the following spells:

 Your Spells              Type           Power      Damage    Failure   Level
a - Lesser Beckoning      Tloc           12%        N/A       10%         2
b - Vhi's Electric Charg  Tloc/Air       10%        N/A       28%         3

Your spell library contained the following spells:

 Spells                   Type           Power      Damage    Failure   Level
 Blink                    Tloc           12%        N/A       10%         2
 Shock                    Conj/Air       4%         1d3       17%         1
 Momentum Strike          Conj/Tloc      6%         3d8       19%         2
 Gell's Gravitas          Tloc           6%         N/A       21%         3
 Teleport Other           Tloc           6%         N/A       21%         3
 Magic Dart               Conj           0%         1d3       22%         1
 Sting                    Tmut/Pois      0%         1d3       22%         1
 Poisonous Vapours        Pois/Air       2%         N/A       26%         2
 Searing Ray              Conj           0%         2d4       34%         2
 Swiftness                Air            3%         N/A       34%         3
 Airstrike                Air            1%         2d(1-17)  77%         4
 Fulminant Prism          Conj/Hex       0%         3d5       94%         4
 Olgreb's Toxic Radiance  Pois           0%         N/A       94%         4
 Arcjolt                  Conj/Air       0%         1d10      99%         5
 Dispersal                Tloc           3%         N/A       100%        6
 Plasma Beam              Fire/Air       0%         2x1d10    100%        6


Dungeon Overview and Level Annotations

Branches:
Dungeon (7/15)              Sewer (visited)
 Temple: D:4-7

Altars:

Annotations:
D:7 Jeremiah, Pikel, Prince Ribbit


Innate Abilities, Weirdness & Mutations

You are a hulking beast.
Your limbs bulge with bestial killing power. (Slay +4)
You cannot wear most types of armour.
You are amphibious.
You can wear up to eight rings at the same time.
Your skin blends seamlessly with your surroundings (Stealth++).
Your rubbery body absorbs attacks. (AC +1, EV +1)
((You are camouflaged when in or above water. (Stealth+)))
You have tentacles for arms and can constrict up to eight enemies at once.
You are strong-willed. (Will+)
You have hidden genetic potential.
Your spells are a little easier to cast, but a little less powerful.


Message History

The roots release their grip on Pikel.
The roots release their grip on the lemure.
Jeremiah, Barachi Dreamer comes into view.
They are wielding a +4 trident of draining and wearing an orb of energy.
Jeremiah hops!
There is a stone staircase leading up here.
Aiming: Fastroot
Press: ? - help, Shift-Dir - straight line, f/p - Pikel
Aim: Pikel, wielding a +2 whip of freezing and wearing a +0 robe (almost dead, paralysed)
The roots erupt in riotous growth!
Roots grab Pikel.
Roots grab the lemure. x2
The grasping roots constrict Pikel.
The grasping roots constrict the lemure. x2
You hear a shout!
Aiming: Fastroot
Press: ? - help, Shift-Dir - straight line, f - Jeremiah, p - Pikel
Aim: Jeremiah, wielding a +4 trident of draining, wearing a +0 robe and wearing an orb of energy The roots erupt in riotous growth!
Roots grab Jeremiah.
Pikel is unaffected.
The grasping roots constrict Jeremiah.
The grasping roots constrict Pikel, but do no damage.
The grasping roots constrict the lemure, but do no damage.
The grasping roots constrict the lemure.
You hear a howl!
The roots release their grip on Pikel.
The roots release their grip on the lemure.
Jeremiah closely misses you.
The grasping roots constrict Jeremiah.
The grasping roots constrict the lemure!
The roots release their grip on Jeremiah.
The roots release their grip on the lemure.
Jeremiah barely misses you.
Jeremiah hits you from afar with a +4 trident of draining!
* * * LOW HITPOINT WARNING * * *
You feel drained.
* * * LOW HITPOINT WARNING * * *
You take 11 damage, and have 4/52 hp.
MASSIVE DAMAGE!!
Jeremiah mumbles a slurred invocation.
Something smites you!
You die...
Jeremiah wails, "I didn't mean to kill anyone!
I'm not a murderer!"

#.# #b# #.#
#b# #.# #F#
#.#
###F########.
#5Kbbh...(...
#5##########.#
#.######......
#5...#...5....
#..5#..5#
#.#..###5.#
#....# .h...
##...# .....+
#..#. #####..


You could see Jeremiah, Pikel (paralysed) and 2 lemures.

Vanquished Creatures
  Grinder (D:5)
  Sigmund (D:6)
  Edmund (D:6)
  An ogre (D:5)
  A centaur (D:3)
  Blork the orc (D:5)
  2 bullfrogs (Sewer)
  A gnoll sergeant (D:4)
  5 scorpions
  A howler monkey (D:6)
  2 orc priests
  2 jellies
  3 hounds
  3 sleepcaps
  3 iguanas
  2 orc wizards (D:4)
  10 gnolls
  14 adders
  A white imp (D:6)
  An ufetubus (D:6)
  5 dart slugs
  12 orcs
  16 ball pythons
  5 bats
  16 endoplasms
  7 giant cockroaches
  5 goblins
  7 hobgoblins
  3 jackals (D:1)
  8 quokkas
  8 frilled lizards
  9 kobolds
  19 rats
176 creatures vanquished.

Notes
Turn   | Place    | Note
-------+----------+-------------------------------------------
     0 | D:1      | Dirtsage the Octopode Shapeshifter began the quest for the
                  | Orb.
     0 | D:1      | Reached XP level 1. HP: 13/13 MP: 1/1
    56 | D:1      | Reached XP level 2. HP: 18/18 MP: 2/2
   347 | D:1      | Found a faded altar of an unknown god.
   623 | D:1      | Reached XP level 3. HP: 22/23 MP: 3/3
  1172 | D:2      | You fall into a shaft and drop 2 floors!
  1227 | D:4      | HP: 1/23 [acid (5)]
  1228 | D:4      | Reached skill level 4 in Shapeshifting
  1228 | D:4      | Reached XP level 4. HP: 2/28 MP: 4/4
  1492 | D:3      | Reached XP level 5. HP: 8/33 MP: 5/5
  1653 | D:3      | Reached skill level 5 in Shapeshifting
  1658 | D:3      | Found a glowing drain.
  1696 | Sewer    | Entered a sewer
  1921 | Sewer    | Reached XP level 6. HP: 33/38 MP: 6/6
  2706 | D:2      | Reached skill level 6 in Shapeshifting
  2730 | D:2      | Reached skill level 5 in Unarmed Combat
  2730 | D:2      | Reached XP level 7. HP: 35/43 MP: 7/7
  3387 | D:4      | Learned a level 2 spell: Lesser Beckoning
  3391 | D:4      | Learned a level 3 spell: Vhi's Electric Charge
  3759 | D:4      | Reached skill level 7 in Shapeshifting
  4017 | D:4      | Gained mutation: You have a pair of small antennae on your
                  | head. [potion of mutation]
  4017 | D:4      | Gained mutation: You are clumsy. (Dex -2) [potion of
                  | mutation]
  4053 | D:4      | Reached XP level 8. HP: 13/48 MP: 8/8
  4178 | D:4      | Lost mutation: You have a pair of small antennae on your
                  | head. [potion of mutation]
  4178 | D:4      | Lost mutation: You are clumsy. (Dex -2) [potion of
                  | mutation]
  4178 | D:4      | Gained mutation: You occasionally lose the ability to drink
                  | potions when taking damage. [potion of mutation]
  4178 | D:4      | Gained mutation: You have a pair of small antennae on your
                  | head. [potion of mutation]
  4178 | D:4      | Gained mutation: Your muscles are strong. (Str +4, Int/Dex
                  | -1) [potion of mutation]
  4179 | D:4      | Lost mutation: You occasionally lose the ability to drink
                  | potions when taking damage. [potion of mutation]
  4179 | D:4      | Lost mutation: You have a pair of small antennae on your
                  | head. [potion of mutation]
  4179 | D:4      | Lost mutation: Your muscles are strong. (Str +4, Int/Dex
                  | -1) [potion of mutation]
  4179 | D:4      | Gained mutation: Your skin blends seamlessly with your
                  | surroundings (Stealth++). [potion of mutation]
  4179 | D:4      | Gained mutation: You have hidden genetic potential. [potion
                  | of mutation]
  4179 | D:4      | Gained mutation: Your spells are a little easier to cast,
                  | but a little less powerful. [potion of mutation]
  4467 | D:5      | Entered Level 5 of the Dungeon
  4615 | D:5      | Reached skill level 1 in Stealth
  4615 | D:5      | Reached skill level 1 in Translocations
  4910 | D:5      | Noticed Grinder
  4920 | D:5      | Killed Grinder
  4921 | D:5      | Reached skill level 8 in Shapeshifting
  5007 | D:5      | Noticed Blork the orc
  5013 | D:5      | Killed Blork the orc
  5516 | D:6      | Reached XP level 9. HP: 38/53 MP: 9/9
  5520 | D:6      | Reached skill level 5 in Stealth
  5585 | D:6      | Gained mutation: You are strong-willed. (Will+) [hidden
                  | potential]
  5661 | D:6      | Reached skill level 1 in Air Magic
  6104 | D:6      | Noticed Edmund
  6110 | D:6      | Killed Edmund
  6150 | D:6      | Noticed Sigmund
  6156 | D:6      | Killed Sigmund
  6248 | D:7      | Noticed Pikel
  6251 | D:7      | Noticed Prince Ribbit
  6270 | D:7      | Noticed Jeremiah
  6276 | D:7      | Killed from afar by Jeremiah

Illustrated notes

Levels and vault maps discovered:
D:1:      dpeg_arrival_simpleton_a, layout_basic,
          shapermc_ecumenical_altar_totnotflames, minivault_5,
          minmay_hexomino_u4
D:2:      kb_forest_paths, layout_basic, serial_forest,
          infiniplex_forest_lined_4_way, infiniplex_forest_straight_4,
          infiniplex_forest_end_2, infiniplex_forest_straight_4,
          infiniplex_forest_end_3
D:3:      layout_rooms, portal_sewer_entry_a
D:4:      layout_loops_ring, serial_glass, glass_columns_c, glass_columns_a,
          nicolae_grassy_gnolls
D:5:      layout_basic, kennysheep_crisscross, serial_bayou_ford_a,
          uniq_blork_the_orc, uniq_grinder
D:6:      layout_basic, sigmund_edmund_badplayer, uniq_edmund
D:7:      layout_basic, zin_academy, minmay_temple_entry_trees,
          ebering_ghost_rock_garden, minmay_fractal_squares_diagonal_5,
          uniq_prince_ribbit1, uniq_maggie, uniq_jeremiah, uniq_pikel,
          uniq_crazy_yiuf_cottage

Skill      XL: |  1  2  3  4  5  6  7  8  9 |
---------------+----------------------------+-----
Shapeshifting  | 4 5 6 7 8 |  8.6
Unarmed Combat | 4 5 6 |  6.4
Stealth        | 4 5 |  5.0
Translocations | 2 3 |  3.0
Air Magic      | 1 |  1.6
Fighting       | 2 |  2.0
Dodging        | |  2.0

Action                     |  1- 3 |  4- 6 |  7- 9 || total
---------------------------+-------+-------+-------++-------
  Melee: Unarmed           |    50 |   129 |   158 ||   337
         Tentacles         |    11 |    29 |    38 ||    78
         Constrict         |     9 |    32 |    32 ||    73
         Punch             |     2 |     2 |     5 ||     9
   Cast: Lesser Beckoning  |       |       |     1 ||     1
  Evoke: Wand              |       |       |    13 ||    13
    Use: Scroll            |       |     3 |     6 ||     9
         Potion            |       |       |     7 ||     7
   Stab: Sleeping          |     9 |    17 |    12 ||    38
         Distracted        |       |       |     3 ||     3
         Paralysed         |       |       |     5 ||     5
 Armour: Skin              |     2 |     6 |    24 ||    32
  Dodge: Dodged            |    29 |    61 |    69 ||   159

Table legend: (Time is in decaauts)
 A = Elapsed time spent in this place.
 B = Non-inter-level travel time spent in this place.
 C = Inter-level travel time spent in this place.
 D = Time resting spent in this place.
 E = Time spent auto-exploring this place.
 F = Levels seen in this place.
 G = Mean time per level.
                   A        B        C        D        E       F      G
               +--------+--------+--------+--------+--------+-----+--------+
         Total |   6244 |   5920 |    324 |    527 |   4065 |   8 |  780.5 |
       Dungeon |   5832 |   5508 |    324 |    527 |   3817 |   7 |  833.1 |
         Sewer |    411 |    411 |      0 |      0 |    248 |   1 |  411.0 |
               +--------+--------+--------+--------+--------+-----+--------+

Top non-repeatable levels by time:
     D:4: 1258 daAuts
     D:1: 1162 daAuts
     D:6: 980 daAuts
     D:3: 920 daAuts
     D:5: 782 daAuts
     D:2: 692 daAuts
   Sewer: 411 daAuts
     D:7: 37 daAuts
